 Dungeon Crawl Stone Soup version 0.28-a0-1236-gb25a51b929 (webtiles) character file.

Game seed: 9879784959531509245

11436 freelancePsychic the Thaumaturge (level 12, 0/91 HPs)
             Began as a Djinni Earth Elementalist on Dec 26, 2021.
             Was a Priest of Makhleb.
             Killed from afar by a manticore (14 damage)
             ... with a volley of spikes
             ... on level 9 of the Dungeon.
             The game lasted 00:22:26 (13147 turns).

freelancePsychic the Thaumaturge (DjEE)            Turns: 13147, Time: 00:22:26

Health: 0/91       AC: 10    Str:  7    XL:     12   Next: 7%
Gold:   451        EV: 28    Int: 21    God:    Makhleb [***...] SH:  6 Dex: 15

rFire   + + +      SeeInvis +   (no weapon)
rCold   x . .      Faith    .   d - +1 buckler {reflect}
rNeg    . . .      Spirit   .   F - +1 troll leather armour
rPois   ∞          Reflect  +   a - +1 helmet {SInv}
rElec   .          Harm     .   r - +0 cloak {rPois}
rCorr   .          Rampage  .   x - +1 pair of gloves
Will    ++...                   (boots unavailable)
Stlth   ++........              j - amulet of the acrobat
HPRegen 1.05/turn               h - ring of protection from fire
MPRegen 0.00/turn               i - ring of willpower

@: spiked, acrobatic, flying
A: sickness immunity, fire resistance 2, cold vulnerability 1, float, innate
caster, hp casting, extra vitality 1
a: Renounce Religion, Minor Destruction, Lesser Servant of Makhleb


You were on level 9 of the Dungeon.
You worshipped Makhleb.
Makhleb was most pleased with you.
You visited 3 branches of the dungeon, and saw 11 of its levels.

You collected 451 gold pieces.

Inventory:

Missiles
 c - 214 stones
 s - 2 curare-tipped darts
 D - a throwing net
Armour
 a - a +1 helmet of see invisible (worn)
 b - a +0 robe
 d - a +1 buckler of reflection (worn)
 r - a +0 cloak of poison resistance (worn)
 x - a +1 pair of gloves (worn)
 F - a +1 troll leather armour (worn)
Jewellery
 h - a ring of protection from fire (left hand)
 i - a ring of willpower (right hand)
 j - an amulet of the acrobat (around neck)
 n - a ring of resist corrosion
Wands
 l - a wand of paralysis (8)
 q - a wand of flame (29)
 y - a wand of charming (8)
 C - a wand of acid (6)
Scrolls
 g - 5 scrolls of teleportation {@r4}
 o - 2 scrolls of fear
 p - a scroll of enchant weapon
 w - a scroll of identify {@r1}
 B - a scroll of torment {unknown}
 E - a scroll of magic mapping
Potions
 e - a potion of berserk rage
 f - 4 potions of curing {unknown}
 k - a potion of might {unknown}
 m - 6 potions of heal wounds {@q2}
 u - 2 potions of lignification
 v - a potion of mutation
 z - a potion of brilliance
 A - 2 potions of attraction {unknown}


   Skills:
 + Level 9.8 Fighting
 + Level 5.1 Dodging
 - Level 1.5 Stealth
 + Level 5.8 Shields
 * Level 11.0 Spellcasting


You had 9 spell levels left.
You knew the following spells:

 Your Spells              Type           Power      Damage    Failure   Level
a - Corpse Rot            Necr/Air       100%       N/A       1%          2
b - Passwall              Tmut/Erth      45%        N/A       1%          2
c - Stone Arrow           Conj/Erth      100%       3d13      1%          3
d - Petrify               Tmut/Erth      55%        N/A       1%          4
e - Animate Skeleton      Necr           100%       N/A       1%          1
f - Yara's Violent Unrav  Hex/Tmut       27%        3d12      2%          5
g - Lesser Beckoning      Tloc           55%        N/A       1%          3
h - Swiftness             Air            55%        N/A       1%          3
i - Sandblast             Erth           100%       2d20      1%          1
Your spell library was empty.

Dungeon Overview and Level Annotations

Branches:
Dungeon (9/15)             Temple (1/1) D:4            Lair (0/6) D:8
    Orc (1/2) D:9

Altars:
Ashenzari
Cheibriados
Dithmenos
Elyvilon
Fedhas
Gozag
Hepliaklqana
Kikubaaqudgha
Makhleb
Nemelex Xobeh
Okawaru
Qazlal
Ru
Sif Muna
Trog
Uskayaw
Vehumet
Wu Jian
Xom
Yredelemnul
Zin
The Shining One
Beogh

Shops:
D:7 *=*   D:8 (   Orc:1 !

Annotations:
D:3 2 runed translucent doors, Grinder; bearlyready's ghost, amateur MfFi
D:4 1 runed translucent door, Pooter's ghost, amateur MiMo
D:7 Maggie


Innate Abilities, Weirdness & Mutations

You are immune to sickness and miasma.
You are immune to poison.
Your flesh is very heat resistant. (rF++)
You are vulnerable to cold. (rC-)
You float through the air rather than walking.
You learn spells naturally, not from books.
Your magical power is your life essence.
You have superior vitality. (+4 MHP)


Message History

The stone arrow hits the deep troll!!
You kill the deep troll!
Makhleb accepts your kill.
The cyclops throws a large rock.
The large rock hits you!!
* * * LOW HITPOINT WARNING * * *
Your Dodging skill increases to level 5!
Your Spellcasting skill increases to level 11!
Blink to where?
Press: ? - help, Dir - move target
As you read the scroll of blinking, it crumbles to dust.
The manticore flicks its tail.
The volley of spikes misses you.
Casting: Stone Arrow (safe; 1% risk of failure)
Confirm with . or Enter, or press ? or * to list all spells.
Aiming: Passwall (safe; 1% risk of failure)
Press: ? - help, Dir - move target A rock wall.
The manticore flicks its tail.
The volley of spikes hits you!
The barbed spikes become lodged in your body.
* * * LOW HITPOINT WARNING * * *
You begin to meditate on the wall.
You continue meditating on the rock.
The manticore flicks its tail.
Your +1 buckler of reflection reflects the volley of spikes!
The volley of spikes hits the manticore!!
You continue meditating on the rock.
The manticore flicks its tail.
The volley of spikes hits you!
The barbed spikes become lodged in your body.
* * * LOW HITPOINT WARNING * * *
You finish merging with the rock.
The barbs in your skin will harm you if you move.
Continue?
Okay, then.
You carefully extract the barbed spikes from your body.
The manticore flicks its tail.
The volley of spikes misses you.
The manticore flicks its tail.
The volley of spikes hits you!
The barbed spikes become lodged in your body.
You die...

.#...[...#).)........#.#.# #.
..#.....#..#.........#.#.# #.
..#######..#.........#.#.# #.
#..#.#.#..##.........#.#.# #.
#.......##..#.......# #.
##.....##..#........# ######.
###.###..##..#..... #......
#.# #.#.H....#.#### ##'''###
#.###.###.#.#...@#....#
##.....##
#........#.##.#.....#
##.⌠.#.⌠.#
#.###.###.#..........#
#.#.#.#.#. #.# #.####...#...#
#..#.⌠.#..
##.###..####..#....##.#.#.#.#.
..#..##..###..#.#.####.⌠.#.⌠.#
.#.#..##..###.#.#.###.#.#.#.#.
.#...#..##H# #...#
##.⌠.#.⌠.#.⌠ ..#..#..#.# #...#
##.#.#.#.#.


You could see a manticore.

Vanquished Creatures
  A hydra (D:9)
  2 centaur warriors (D:9)
  2 two-headed ogres (D:8)
  A deep troll (shapeshifter) (D:9)
  An ugly thing (D:9)
  2 cyclopes (D:9)
  A komodo dragon (D:8)
  2 trolls
  A slime creature (D:9)
  A hornet (D:9)
  Prince Ribbit (D:7)
  A yak (D:9)
  Sigmund (D:3)
  A basilisk (D:7)
  3 steam dragons
  Menkaure (D:7)
  2 water moccasins
  2 ice beasts
  10 orc warriors
  A black bear (D:5)
  4 ogres
  5 centaurs
  A kobold brigand (D:8)
  3 bullfrogs
  2 scorpions
  A gnoll sergeant (D:8)
  2 wyvern zombies
  2 vampire bats (D:9)
  7 wights
  2 howler monkeys (D:9)
  A bullfrog zombie (D:7)
  4 centaur zombies
  2 hounds (D:6)
  2 jellies
  Crazy Yiuf (D:4)
  9 orc priests
  A bullfrog skeleton (D:2)
  2 iguanas
  Ijyb (D:3)
  Natasha (twice) (D:3 D:2)
  10 orc wizards
  A howler monkey zombie (D:8)
  5 gnolls (D:8)
  10 adders
  A shadow imp (D:7)
  2 white imps
  2 ufetubi
  An adder skeleton (D:5)
  3 worms
  3 dart slugs
  51 orcs
  A bat skeleton (D:9)
  4 bat zombies (D:9)
  6 endoplasms
  3 giant cockroaches
  6 goblins
  8 hobgoblins
  4 jackals
  6 kobolds
  A quokka (D:1)
  6 ball pythons
  A bat (D:3)
  2 frilled lizards
  4 rats
232 creatures vanquished.

Vanquished Creatures (others)
  4 plants (D:8)
4 creatures vanquished.

Grand Total: 236 creatures vanquished

Notes
Turn   | Place    | Note
-------+----------+-------------------------------------------
     0 | D:1      | freelancePsychic the Djinni Earth Elementalist began the
                  | quest for the Orb.
     0 | D:1      | Reached XP level 1. HP: 15/15 MP: 0/0
   166 | D:1      | Reached XP level 2. HP: 12/22 MP: 0/0
   614 | D:1      | Reached skill level 1 in Fighting
   810 | D:1      | Reached XP level 3. HP: 25/27 MP: 0/0
   810 | D:1      | Learned a level 1 spell: Animate Skeleton
  1022 | D:1      | Reached skill level 3 in Spellcasting
  1270 | D:2      | Reached XP level 4. HP: 29/32 MP: 0/0
  1626 | D:2      | Reached XP level 5. HP: 35/38 MP: 0/0
  1626 | D:2      | Learned a level 2 spell: Corpse Rot
  1952 | D:3      | Noticed Sigmund
  1956 | D:3      | Killed Sigmund
  1957 | D:3      | Reached skill level 4 in Spellcasting
  1957 | D:3      | Reached XP level 6. HP: 42/46 MP: 0/0
  1985 | D:3      | Found a sacrificial altar of Ru.
  1989 | D:3      | Became a worshipper of Ru the Awakened
  2174 | D:3      | Noticed Ijyb
  2193 | D:3      | Killed Ijyb
  2256 | D:3      | Found a large runed translucent door.
  2256 | D:3      | Found a large runed translucent door.
  2467 | D:3      | Noticed Grinder
  2582 | D:3      | Found an ornate altar of the Wu Jian Council.
  2599 | D:3      | Noticed Natasha
  2603 | D:3      | Killed Natasha
  2716 | D:3      | Found a sparkling altar of Nemelex Xobeh.
  2750 | D:3      | Noticed bearlyready's ghost (amateur MfFi)
  2777 | D:3      | Noticed Natasha
  2794 | D:2      | Killed Natasha
  3581 | D:3      | Reached XP level 7. HP: 15/50 MP: 0/0
  3581 | D:3      | Learned a level 3 spell: Lesser Beckoning
  3959 | D:3      | Reached skill level 5 in Spellcasting
  4307 | D:4      | Found a runed translucent door.
  4311 | D:4      | Noticed Pooter's ghost (amateur MiMo)
  4690 | D:4      | Found a staircase to the Ecumenical Temple.
  5069 | Temple   | Entered the Ecumenical Temple
  5179 | Temple   | Fell from the grace of Ru
  5179 | Temple   | Became a worshipper of Makhleb the Destroyer
  5286 | D:4      | Reached XP level 8. HP: 52/58 MP: 0/0
  5380 | D:4      | Found a runed translucent door.
  5381 | D:4      | Noticed Crazy Yiuf
  5446 | D:4      | Killed Crazy Yiuf
  5504 | D:5      | Entered Level 5 of the Dungeon
  5531 | D:5      | Reached skill level 6 in Spellcasting
  5598 | D:5      | Reached skill level 5 in Fighting
  6109 | D:5      | Identified a scroll of acquirement
  6152 | D:5      | Acquired a +1 buckler of reflection
  6694 | D:6      | Reached skill level 1 in Shields
  6694 | D:6      | Reached XP level 9. HP: 48/66 MP: 0/0
  6694 | D:6      | Learned a level 3 spell: Swiftness
  6967 | D:6      | Reached skill level 7 in Spellcasting
  7260 | D:6      | Reached * piety under Makhleb
  7563 | D:7      | Noticed Prince Ribbit
  7565 | D:7      | Killed Prince Ribbit
  7627 | D:7      | Noticed Menkaure
  7636 | D:7      | Killed Menkaure
  7665 | D:7      | Found a hazy altar of Hepliaklqana.
  7667 | D:7      | Found a shadowy altar of Dithmenos.
  7754 | D:7      | Found a shimmering altar of Xom.
  7988 | D:7      | Found Ninwyucouz's Jewellery Shoppe.
  8055 | D:7      | Reached skill level 8 in Spellcasting
  8173 | D:7      | Noticed a troll
  8178 | D:7      | Killed a troll
  8179 | D:7      | Reached XP level 10. HP: 66/75 MP: 0/0
  8306 | D:7      | Noticed Maggie
  8371 | D:7      | Found Hoxoxoh's General Store.
  8564 | D:7      | Found Fepinnia's Assorted Antiques.
  8673 | D:8      | Found Wyghufuz's Weapon Emporium.
  9758 | D:8      | Reached ** piety under Makhleb
 10141 | D:8      | Found a staircase to the Lair.
 10142 | D:8      | Noticed a komodo dragon
 10166 | D:8      | Killed a komodo dragon
 10167 | D:8      | Reached skill level 9 in Spellcasting
 10313 | D:8      | Noticed a two-headed ogre
 10321 | D:8      | Killed a two-headed ogre
 10650 | D:8      | Noticed a two-headed ogre
 10656 | D:8      | Killed a two-headed ogre
 10657 | D:8      | Reached XP level 11. HP: 70/82 MP: 0/0
 10657 | D:8      | Learned a level 5 spell: Yara's Violent Unravelling
 10819 | D:8      | Reached skill level 10 in Spellcasting
 11244 | D:9      | Noticed a centaur warrior
 11682 | D:9      | Found a staircase to the Orcish Mines.
 11721 | D:9      | Noticed a manticore
 11730 | D:9      | Noticed a cyclops
 11749 | D:9      | Killed a cyclops
 11761 | Orc:1    | Entered Level 1 of the Orcish Mines
 11797 | Orc:1    | Reached *** piety under Makhleb
 11914 | Orc:1    | Found Huunixziadgh's Distillery.
 12021 | Orc:1    | Noticed a two-headed ogre
 12075 | D:9      | Noticed a cyclops
 12087 | D:9      | Killed a cyclops
 12319 | D:9      | Noticed a seven-headed hydra
 12344 | D:9      | Killed a seven-headed hydra
 12345 | D:9      | Reached skill level 5 in Shields
 12479 | D:9      | Noticed a centaur warrior
 12489 | D:9      | Killed a centaur warrior
 12661 | D:9      | Killed a centaur warrior
 12793 | D:9      | Noticed a red ugly thing
 12801 | D:9      | Killed a red ugly thing
 13051 | D:9      | Reached XP level 12. HP: 91/91 MP: 0/0
 13118 | D:9      | Noticed a deep troll
 13124 | D:9      | Killed a deep troll
 13125 | D:9      | Reached skill level 5 in Dodging
 13125 | D:9      | Reached skill level 11 in Spellcasting
 13134 | D:9      | HP: 1/91 [manticore/volley of spikes (15)]
 13147 | D:9      | Killed from afar by a manticore

Illustrated notes

Levels and vault maps discovered:
D:1:      dpeg_arrival_lava_temple_mockup, layout_loops_ring, minmay_unequal
D:2:      layout_rooms, hangedman_decor_points, skrybe_limestone_x,
          minmay_misc_feat_ornament, minmay_misc_feat_plants
D:3:      layout_basic, mainiacjoe_overflow_24_doors,
          gammafunk_temple_overflow_pools, lemuel_crystal_altar,
          ebering_ghost_disaster_area, serial_glass, glass_columns_b,
          glass_columns_b, solitary_fountain, minmay_misc_feat_more_columns,
          minivault_19, uniq_grinder, uniq_natasha, uniq_sigmund, uniq_ijyb
D:4:      layout_cave_pools, minmay_temple_entry_proselytizer,
          ebering_ghost_sewer_d, uniq_crazy_yiuf_cottage
D:5:      layout_gridville
D:6:      layout_loops_ring
D:7:      layout_basic, riverfiend_overflow_shadow_ancestor,
          nicolae_overflow_hidden_temple, serial_shops, shop,
          kennysheep_mini_moat, nicolae_shop_statue_plus, uniq_prince_ribbit1,
          uniq_menkaure, uniq_maggie
D:8:      layout_gridville, david_lair_shrubbed, special_room
          [special_room_orc], serial_shops, nicolae_take_the_stairs,
          hangedman_decor_lopped, kennysheep_kite_vault
D:9:      minmay_the_grid_octo_tiled_octocenter
          [minmay_the_grid_octo_thin_diamonds, minmay_the_grid_octo_concentric,
          minmay_the_grid_octo_odd_swirl, minmay_the_grid_octo_chip,
          minmay_the_grid_octo_prize_star, minmay_the_grid_square_5x5_minibox,
          minmay_the_grid_square_5x5_minimal,
          minmay_the_grid_square_5x5_fancy_junction,
          minmay_the_grid_square_5x5_plus], layout_basic,
          kennysheep_vampire_church, kennysheep_dice
Temple:   eino_temple_water
Orc:1:    layout_caves, basic_altar, serial_shops, nicolae_diamond_shop,
          mines1_david

Skill      XL: |  1  2  3  4  5  6  7  8  9 10 11 12 |
---------------+-------------------------------------+-----
Fighting       | 1 2 3 4 5 7 8 9 |  9.8
Spellcasting   | 3 4 5 6 8 9 10 11 | 11.0
Shields        | 1 4 5 |  5.8
Dodging        | 4 5 |  5.1
Stealth        | |  1.5

Action                   |  1- 3 |  4- 6 |  7- 9 | 10-12 || total
-------------------------+-------+-------+-------+-------++-------
Melee: Unarmed           |       |     1 |       |     1 ||     2
 Cast: Sandblast         |    35 |    39 |     3 |       ||    77
       Stone Arrow       |       |    25 |   106 |   209 ||   340
       Corpse Rot        |       |       |     1 |       ||     1
       Petrify           |       |       |       |     5 ||     5
       Passwall          |       |       |       |     1 ||     1
  Use: Scroll            |     2 |       |     5 |    10 ||    17
       Potion            |       |       |       |     1 ||     1
Armor: Robe              |     3 |     7 |     5 |     1 ||    16
       Troll leather arm |       |       |       |     5 ||     5
Dodge: Dodged            |     5 |    17 |    23 |    38 ||    83
Block: Buckler           |       |       |     8 |    24 ||    32
       Reflection        |       |       |     2 |    12 ||    14

Table legend: (Time is in decaauts)
 A = Elapsed time spent in this place.
 B = Non-inter-level travel time spent in this place.
 C = Inter-level travel time spent in this place.
 D = Time resting spent in this place.
 E = Time spent auto-exploring this place.
 F = Levels seen in this place.
 G = Mean time per level.
                   A        B        C        D        E       F      G
               +--------+--------+--------+--------+--------+-----+--------+
         Total |  13160 |  12802 |    358 |   2260 |   8873 |  11 | 1196.4 |
       Dungeon |  12735 |  12393 |    342 |   2260 |   8582 |   9 | 1415.0 |
        Temple |    126 |    111 |     15 |      0 |     84 |   1 |  126.0 |
  Orcish Mines |    297 |    297 |      0 |      0 |    207 |   1 |  297.0 |
               +--------+--------+--------+--------+--------+-----+--------+

Top non-repeatable levels by time:
     D:8: 2466 daAuts
     D:3: 2319 daAuts
     D:7: 1555 daAuts
     D:6: 1260 daAuts
     D:4: 1163 daAuts
     D:1: 1103 daAuts
     D:9: 1062 daAuts
     D:5: 1007 daAuts
     D:2: 797 daAuts
   Orc:1: 297 daAuts
  Temple: 126 daAuts
